 Dungeon Crawl Stone Soup version 0.30-a0-2-gf48d83f5e2 (webtiles) character file.

Game seed: 401699950978509461

52 ytrimaz the Trooper (level 3, -3/29 HPs)
             Began as a Demonspawn Fighter on Aug 20, 2022.
             Killed by nerve-wracking pain
             ... invoked by Jessica
              (7 damage)
             ... on level 2 of the Dungeon.
             The game lasted 00:01:53 (1945 turns).

ytrimaz the Trooper (Demonspawn Fighter)            Turns: 1945, Time: 00:01:54

Health: -3/29      AC:  6    Str: 16    XL:     3   Next: 60%
Magic:  3/3        EV:  5    Int: 11    God:
Gold:   81         SH:  4    Dex: 12    Spells: 2/2 levels left

rFire   . . .      SeeInvis .    e - +1 short sword (speed)
rCold   . . .      Faith    .    c - +0 buckler
rNeg    . . .      Spirit   .    b - +0 scale mail
rPois   .          Reflect  .    (no helmet)
rElec   .          Harm     .    (no cloak)
rCorr   .          Rampage  .    (no gloves)
Will    .....                    (no boots)
Stlth   ..........               (no amulet)
HPRegen 0.09/turn                (no ring)
MPRegen 0.16/turn                (no ring)

@: grasped by roots, constricted
A: ignite blood 1, magic regeneration
a: no special abilities


You were on level 2 of the Dungeon.
You visited 1 branch of the dungeon, and saw 2 of its levels.

You collected 81 gold pieces.

Inventory:

Hand Weapons
 a - a +0 rapier
 e - a +1 short sword of speed (weapon)
Armour
 b - a +0 scale mail (worn)
 c - a +0 buckler (worn)
Scrolls
 h - a scroll of summoning {unknown}
Potions
 d - a potion of might
 f - a potion of haste {unknown}
 g - a potion of lignification {unknown}
 i - 3 potions of curing {unknown}
 j - a potion of mutation {unknown}


   Skills:
 + Level 3.5 Fighting
 + Level 2.2 Short Blades
 - Level 2.6 Armour
 * Level 3.5 Shields


You had 2 spell levels left.
You didn't know any spells.
Your spell library contained the following spells:

 Spells                   Type           Power      Damage    Failure   Level
 Ozocubu's Armour         Ice            0%         N/A       99%         3
 Passage of Golubria      Tloc           0%         N/A       100%        4
 Metabolic Englaciation   Hex/Ice        0%         N/A       100%        5
 Silence                  Hex/Air        0%         N/A       100%        5
 Simulacrum               Ice/Necr       0%         N/A       100%        6
 Lehudib's Crystal Spear  Conj/Erth      0%         10d2      100%        8


Dungeon Overview and Level Annotations

Branches:
Dungeon (2/15)

Altars:

Annotations:
D:2 Jessica


Innate Abilities, Weirdness & Mutations

Your demonic aura sometimes causes spilled blood to erupt in flames.
You regenerate magic rapidly.


Message History

You closely miss Jessica.
Jessica is severely wounded.
The bat hits you but does no damage. The adder barely misses you.
You block the ball python's attack.
Jessica casts a spell.
Jessica blinks!
The grasping roots constrict you.
Unknown command.
You escape the roots grasp.
The adder barely misses you.
The ball python bites you but does no damage.
The ball python closely misses you. The bat hits you but does no damage.
The adder closely misses you.
You are too injured to fight recklessly!
The ball python attacks as you move away!
You block the ball python's attack. The ball python closely misses you.
The bat attacks as you move away! The bat closely misses you.
The adder attacks as you move away! The adder bites you but does no damage.
The bat barely misses you.
Jessica zaps a wand.
The roots erupt in riotous growth!
The grasping roots grab you!
The ball python is unaffected.
The adder is unaffected.
The bat is unaffected.
The grasping roots constrict you.
* * * LOW HITPOINT WARNING * * *
The bat hits you but does no damage.
You are too injured to fight recklessly!
You are too injured to fight recklessly!
Unknown command.
You are too injured to fight recklessly!
You hit the bat.
The bat is severely wounded.
The bat hits you but does no damage. The ball python barely misses you.
The adder bites you but does no damage.
Unknown command.
You are too injured to fight recklessly!
You hit the bat.
You kill the bat!
The ball python bites you.
* * * LOW HITPOINT WARNING * * *
Jessica casts a spell at you. Pain shoots through your body!
You die...

.
...........###...###..##.##....
.
..########............##.#..#..
........>...#####.#..#..
##..#####...## #.#..### #..#
##<..####...##
...######..#.....#..
..................
...@...S...........
.......@S.#######..
..####........# . ...........
###.######## .. ... .... ....


You could see an adder, Jessica and a ball python.

Vanquished Creatures
  An adder (D:2)
  A worm (D:2)
  3 bats
  7 endoplasms
  2 giant cockroaches
  3 goblins (D:1)
  2 hobgoblins
  4 kobolds (D:1)
  5 quokkas (D:1)
  2 ball pythons
  2 frilled lizards (D:1)
  3 rats (D:1)
35 creatures vanquished.

Notes
Turn   | Place    | Note
-------+----------+-------------------------------------------
     0 | D:1      | ytrimaz the Demonspawn Fighter began the quest for the Orb.
     0 | D:1      | Reached XP level 1. HP: 18/18 MP: 1/1
   184 | D:1      | Gained mutation: You regenerate magic rapidly. [demonic
                  | ancestry]
   184 | D:1      | Reached XP level 2. HP: 20/24 MP: 2/2
   951 | D:1      | Gained mutation: Your demonic aura sometimes causes spilled
                  | blood to erupt in flames. [demonic ancestry]
   951 | D:1      | Reached XP level 3. HP: 21/29 MP: 3/3
  1888 | D:2      | Identified the +9 hand axe of the Sheltering Enemy {venom,
                  | rN+}
  1924 | D:2      | Noticed Jessica
  1945 | D:2      | Killed from afar by Jessica

Illustrated notes

Levels and vault maps discovered:
D:1:      heliophobic_arrival_battle_scene, layout_loops_ring,
          patterned_corridor
D:2:      layout_rooms, mrwooster_statue_mirror, uniq_jessica

Skill      XL: |  1  2 |
---------------+-------+-----
Shields        | 3 |  3.5
Short Blades   | 2 |  2.2
Fighting       | |  3.5
Armour         | |  2.6

Action                   || total
-------------------------++-------
Melee: Rapier            ||   100
       Short sword       ||    37
  Use: Scroll            ||     3
Armor: Scale mail        ||    93
Dodge: Dodged            ||    75
Block: Buckler           ||    31

Table legend: (Time is in decaauts)
 A = Elapsed time spent in this place.
 B = Non-inter-level travel time spent in this place.
 C = Inter-level travel time spent in this place.
 D = Time resting spent in this place.
 E = Time spent auto-exploring this place.
 F = Levels seen in this place.
 G = Mean time per level.
                   A        B        C        D        E       F      G
               +--------+--------+--------+--------+--------+-----+--------+
         Total |   1948 |   1876 |     72 |    103 |   1464 |   2 |  974.0 |
       Dungeon |   1948 |   1876 |     72 |    103 |   1464 |   2 |  974.0 |
               +--------+--------+--------+--------+--------+-----+--------+

Top non-repeatable levels by time:
     D:1: 1733 daAuts
     D:2: 215 daAuts
